Map: Efflorescence LE

Players

Дурашка - Winner!

  • Race: Zerg Zerg
  • League: Platinum
  • Spawn Location: 9:00

MIXRISH - Winner!

  • Race: Protoss Protoss
  • League: Master
  • Spawn Location: 6:00

qqq

  • Race: Zerg Zerg
  • League: Platinum
  • Spawn Location: 12:00

Massa

  • Race: Terran Terran
  • League: Gold
  • Spawn Location: 3:00

VOD

Have the link to the VOD?

Description

Time

  • Played on: July 31, 2020, 11:59 a.m.
  • Length: 11:01
Show
View Real Time Build Order
Export as new Build Order

Дурашка Zerg - Winner!

Build Orders: Hatch First, Swarm Host 

Get SALT Encoding   

  12  0:00  Drone  
  13  0:12  Overlord  
  13  0:22  Drone  
  15  0:35  Drone x2  
  15  0:37  Drone  
  17  0:55  Hatchery  
  16  1:03  Drone x2  
  18  1:18  Extractor  
  18  1:20  Spawning Pool  
  18  1:22  Drone  
  18  1:24  Drone  
  18  1:36  Drone  
  19  1:46  Drone  
  20  2:00  Drone  
  21  2:01  Drone  
  22  2:17  Queen x2  
  22  2:20  Overlord  
  22  2:21  Drone x2  
  28  2:23  Overlord  
  28  2:25  Metabolic Boost  
  28  2:47  Drone x2  
  28  2:48  Drone x2  
  32  3:08  Lair  
  32  3:11  Drone  
  32  3:12  Drone  
  34  3:13  Drone x3  
  34  3:17  Extractor  
  36  3:23  Queen  
  36  3:26  Drone x3  
  41  3:27  Hatchery  
  41  3:33  Drone x3  
  43  3:36  Zergling x2  
  44  3:42  Baneling Nest  
  44  3:43  Drone  
  44  3:45  Overlord  
  44  4:09  Extractor  
  43  4:10  Extractor  
  43  4:11  Overlord  
  43  4:13  Drone x2  
  44  4:18  Overlord x2  
  44  4:19  Overlord  
  44  4:28  Queen x2  
  48  4:35  Drone x3, Infestation Pit  
  48  4:37  Drone x3, Nydus Network  
  52  4:49  Queen  
  52  4:51  Drone x3  
  57  4:55  Drone  
  57  4:56  Drone x4  
  61  5:35  Swarm Host  
  61  5:36  Swarm Host x6  
  61  5:40  Overlord x4  
  82  5:45  Extractor x2  
  80  5:55  Drone x2  
  82  5:57  Overlord  
  82  5:58  Overlord x2  
  82  6:00  Swarm Host x3  
  82  6:01  Swarm Host  
  94  6:07  Drone x2  
  94  6:08  Drone x3  
  94  6:11  Drone  
  100  6:14  Drone  
  100  6:15  Drone  
  102  6:21  Drone  
  102  6:23  Drone x3  
  106  6:32  Nydus Canal  
  106  6:33  Hatchery  
  106  6:34  Overseer  
  106  6:37  Overseer  
  106  6:38  Overseer  
  105  6:52  Nydus Canal  
  105  6:57  Pneumatized Carapace  
  105  6:58  Drone, Swarm Host  
  105  6:59  Drone x4  
  113  7:06  Queen  
  115  7:09  Queen, Overlord  
  117  7:21  Hatchery  
  110  7:33  Swarm Host  
  110  7:34  Swarm Host x8  
  137  7:40  Queen  
  139  7:49  Queen x2  
  139  7:50  Queen, Overseer  
  145  7:51  Overlord  
  145  7:52  Overlord  
  145  7:53  Swarm Host x2  
  145  7:55  Overlord  
  151  8:00  Nydus Canal  
  151  8:19  Nydus Canal  
  136  9:43  Swarm Host x3  
  136  9:44  Swarm Host x12  
  181  10:01  Spire  
  181  10:05  Evolution Chamber  
  181  10:06  Evolution Chamber  
  178  10:07  Nydus Network  
  178  10:08  Nydus Network  
  178  10:09  Drone x2  
  178  10:10  Drone x4  
  182  10:19  Nydus Canal  
  182  10:33  Extractor  
  181  10:43  Nydus Canal  
  181  10:50  Nydus Canal  
  181  10:51  Nydus Canal  
Show
View Real Time Build Order
Export as new Build Order

MIXRISH Protoss - Winner!

Build Orders:  

Get SALT Encoding   

  12  0:01  Probe (Chrono Boost)  
  13  0:11  Probe (Chrono Boost)  
  14  0:19  Pylon  
  14  0:23  Probe  
  15  0:38  Gateway  
  15  0:58  Pylon  
  15  1:02  Probe  
  15  1:03  Forge  
  16  1:11  Pylon  
  16  1:24  Probe  
  17  1:28  Cybernetics Core  
  17  1:30  Assimilator  
  17  1:36  Assimilator  
  17  1:46  Photon Cannon  
  17  1:54  Probe  
  17  2:15  Nexus  
  17  2:16  Warp Gate  
  17  2:26  Probe (Chrono Boost)  
  18  2:36  Probe (Chrono Boost)  
  19  2:41  Gateway  
  19  2:42  Probe  
  20  2:52  Robotics Facility  
  20  2:57  Probe (Chrono Boost)  
  21  3:07  Probe (Chrono Boost)  
  22  3:13  Probe (Chrono Boost)  
  23  3:22  Twilight Council  
  23  3:23  Probe (Chrono Boost)  
  24  3:27  Gateway  
  24  3:29  Probe (Chrono Boost)  
  26  3:38  Probe (Chrono Boost)  
  26  3:44  Probe (Chrono Boost)  
  27  3:53  Immortal  
  31  3:59  Resonating Glaives  
  31  4:03  Protoss Ground Weapons Level 1  
  31  4:13  Gateway  
  31  4:23  Gateway  
  31  4:33  Warp Prism  
  33  4:40  Probe (Chrono Boost)  
  33  4:41  Probe (Chrono Boost)  
  35  4:51  Probe (Chrono Boost), Gateway  
  36  4:53  Probe (Chrono Boost)  
  36  4:56  Probe (Chrono Boost)  
  38  5:07  Pylon  
  38  5:08  Pylon  
  38  5:25  Probe x2  
  40  5:29  Gateway  
  40  5:33  Pylon  
  40  5:37  Probe  
  41  5:44  Adept  
  41  5:45  Adept x4  
  49  6:01  Probe x2  
  37  6:08  Charge  
  37  6:10  Warp Prism  
  39  6:13  Probe (Chrono Boost)  
  39  6:14  Probe (Chrono Boost)  
  41  6:22  Probe (Chrono Boost), Protoss Ground Weapons Level 2  
  41  6:23  Probe (Chrono Boost)  
  43  6:32  Nexus  
  43  6:35  Probe x2  
  43  6:39  Assimilator  
  45  6:47  Templar Archives, Probe  
  46  6:57  Probe  
  46  6:59  Probe, Assimilator  
  48  7:10  Gateway  
  48  7:20  Adept x4  
  48  7:21  Adept x3  
  60  7:41  Adept  
  62  7:51  Pylon  
  58  7:52  Pylon  
  58  7:54  Pylon  
  58  7:57  Probe x2  
  50  8:08  Gateway x2  
  50  8:09  Probe x2 (Chrono Boost)  
  50  8:10  Probe (Chrono Boost), Gateway  
  53  8:21  Probe (Chrono Boost)  
  53  8:22  Probe (Chrono Boost)  
  56  8:27  Probe (Chrono Boost)  
  56  8:30  Probe x2 (Chrono Boost)  
  59  8:34  Probe (Chrono Boost)  
  59  8:35  Adept  
  59  8:37  Adept x2  
  59  8:38  Adept x4  
  59  8:39  Adept  
  75  8:54  Probe x2  
  77  8:59  Adept x3  
  77  9:00  Adept x4  
  89  9:06  Adept  
  89  9:09  Adept  
  87  9:10  Adept  
  87  9:11  Adept  
  91  9:19  Probe  
  91  9:20  Probe x2  
  91  9:23  Pylon  
  92  9:25  Pylon, Assimilator  
  92  9:27  Adept x2  
  92  9:28  Adept  
  92  9:29  Gateway x2  
  92  9:31  Gateway  
  98  9:40  Adept  
  98  9:49  Pylon  
  98  9:50  Pylon  
  98  9:51  Pylon, Adept x3  
  104  9:53  Adept x3  
  110  10:00  Adept x3  
  108  10:15  Probe  
  109  10:21  Assimilator  
  109  10:31  Adept  
  109  10:32  Adept x4  
  109  10:33  Adept x4  
  109  10:34  Adept x3  
  133  10:36  Adept  
  133  10:39  Adept  
  135  10:59  Adept x4  
  135  11:00  Adept x2  
Show
View Real Time Build Order
Export as new Build Order

qqq Zerg 

Build Orders: Hatch First 

Get SALT Encoding   

  12  0:02  Drone  
  13  0:08  Drone  
  14  0:38  Hatchery  
  13  0:52  Spawning Pool  
  12  1:00  Drone  
  13  1:04  Overlord  
  13  1:09  Drone  
  14  1:25  Drone  
  14  1:26  Drone  
  16  1:35  Drone  
  17  1:44  Zergling x2  
  19  1:55  Hatchery  
  18  2:09  Hatchery, Zergling x2  
  18  2:10  Queen  
  18  2:12  Extractor  
  18  2:15  Drone  
  20  2:29  Drone  
  21  2:30  Roach Warren  
  20  2:37  Overlord  
  20  2:40  Drone  
  21  2:48  Drone  
  22  3:00  Zergling x2  
  23  3:10  Roach  
  23  3:12  Drone  
  26  3:24  Roach  
  28  3:31  Drone x3  
  28  3:33  Roach  
  28  3:34  Roach x2  
  35  3:38  Roach  
  35  3:41  Drone  
  40  3:44  Drone  
  41  3:53  Spine Crawler  
  40  4:03  Spine Crawler  
  40  4:06  Roach  
  40  4:07  Drone  
  40  4:09  Overlord  
  42  4:16  Overlord  
  42  4:26  Queen  
  42  4:28  Overlord  
  42  4:31  Drone  
  45  4:37  Spore Crawler  
  45  4:38  Drone  
  45  4:41  Drone  
  45  4:44  Ravager x2  
  48  4:48  Drone  
  48  4:49  Drone  
  48  4:52  Drone  
  51  4:59  Drone x3  
  54  5:03  Drone  
  54  5:06  Roach  
  57  5:19  Roach x3  
  63  5:21  Drone  
  63  5:22  Drone x2  
  66  5:30  Spore Crawler  
  65  5:37  Overlord  
  65  5:38  Overlord x2  
  65  5:40  Spore Crawler  
  65  5:42  Drone  
  58  6:01  Roach x2  
  58  6:02  Roach  
  58  6:03  Drone x5  
  63  6:17  Extractor  
  62  6:18  Drone x2  
  62  6:23  Drone x3  
  67  6:29  Roach  
  69  6:42  Hatchery, Roach  
  69  6:43  Zergling x8  
  74  6:59  Spore Crawler  
  74  7:01  Drone x2  
  75  7:02  Drone x2  
  72  7:37  Drone x6  
  75  7:47  Queen  
  75  7:48  Roach x2  
  75  7:49  Roach x3  
  87  8:04  Extractor x2, Drone  
  87  8:05  Drone x2  
  88  8:06  Roach x3  
  94  8:14  Drone  
  95  8:34  Overlord x4  
  95  8:35  Overlord x4  
  95  8:48  Roach x2  
  95  8:50  Overlord x2  
  95  8:51  Overlord x2  
  77  9:12  Zergling x4  
  77  9:13  Zergling x8  
  77  9:14  Zergling x2  
  68  9:26  Hatchery  
  56  9:31  Spine Crawler  
  56  9:32  Spine Crawler  
  56  9:33  Spine Crawler  
  56  9:35  Roach x4  
  56  9:36  Roach x2  
  64  9:44  Hatchery  
  57  9:46  Lair  
  53  9:55  Hatchery  
  53  9:56  Hatchery  
  53  9:57  Hatchery  
  53  9:58  Hatchery, Roach x2  
  53  9:59  Roach x2  
  51  10:03  Drone  
  51  10:04  Drone x3  
  55  10:24  Roach x2  
  59  10:29  Roach  
  59  10:30  Drone  
  59  10:31  Drone x2  
  64  10:39  Zergling x4  
Show
View Real Time Build Order
Export as new Build Order

Massa Terran 

Build Orders: 2 Factory 

Get SALT Encoding   

  12  0:01  SCV  
  13  0:13  SCV  
  14  0:25  SCV  
  14  0:27  Supply Depot  
  15  0:36  Refinery  
  15  0:48  SCV  
  16  0:53  Barracks  
  16  1:00  SCV  
  17  1:12  SCV  
  17  1:16  Supply Depot  
  18  1:24  SCV  
  19  1:37  SCV  
  20  1:42  Factory  
  20  1:49  Supply Depot  
  20  1:54  Orbital Command  
  20  1:56  Barracks Tech Lab  
  20  2:13  Barracks  
  20  2:14  Marine  
  21  2:23  Bunker  
  21  2:26  Factory Tech Lab  
  21  2:39  Factory  
  21  2:58  Marauder  
  23  3:14  Barracks Reactor  
  23  3:18  SCV  
  23  3:19  Marauder  
  26  3:21  Refinery  
  26  3:32  Command Center  
  26  3:40  Marauder, Factory Reactor  
  28  3:54  SCV  
  29  3:58  Marine  
  29  4:02  Marauder  
  32  4:07  SCV  
  32  4:09  Marine  
  33  4:16  Marine  
  37  4:17  Hellion  
  37  4:19  SCV  
  38  4:28  Supply Depot  
  38  4:31  SCV  
  39  4:33  Engineering Bay  
  39  4:44  SCV, Siege Tank  
  39  4:45  Widow Mine  
  47  4:46  Widow Mine  
  47  4:51  Marauder, Marine  
  50  4:55  Marine  
  50  4:56  SCV  
  52  5:07  Terran Infantry Weapons Level 1  
  52  5:08  SCV  
  53  5:28  Orbital Command  
  53  5:29  SCV  
  53  5:34  Marauder  
  56  5:37  Widow Mine  
  56  5:41  SCV  
  59  5:43  Stimpack  
  59  5:53  SCV  
  59  5:55  Marauder  
  62  6:17  Supply Depot  
  62  6:21  Supply Depot  
  62  6:23  Missile Turret  
  62  6:27  Command Center  
  62  6:33  Missile Turret  
  62  6:37  Supply Depot  
  62  6:39  SCV x2, Marauder  
  66  6:43  Siege Tank  
  66  6:44  Hellion x2  
  73  6:47  Infernal Pre-Igniter  
  73  6:51  SCV x2  
  75  7:03  SCV x2  
  81  7:08  Hellion x2  
  81  7:15  Siege Tank  
  84  7:23  Combat Shield  
  65  8:10  SCV x2  
  67  8:22  SCV x2  
  69  8:34  SCV x2  
  71  8:43  Marauder  
  71  8:44  Marine x2  
  71  8:46  Siege Tank  
  71  8:47  Hellion  
  71  8:48  Hellion  
  82  9:02  Marine x2  
  74  9:05  Marauder  
  74  9:09  Hellion  
  67  9:13  Hellion  
  66  9:18  Siege Tank  
  66  9:19  Marine  
  66  9:20  Marine  
  71  9:26  Marauder  
  71  9:30  Hellion  
  75  9:31  Barracks  
  75  9:35  Hellion  
  75  9:37  Marine  
  75  9:38  Barracks, Marine  
  70  9:47  Marauder  
  64  9:55  Marine  
  64  9:56  Marine  
  62  10:09  Marauder  
  62  10:13  Marine, Siege Tank  
  59  10:15  Widow Mine  
  61  10:30  Marauder  
  61  10:34  Barracks Tech Lab  
  63  10:37  Barracks Tech Lab  
  63  10:41  Marine x2  
Tags
 
Add a new tag
Caveats
  • Supply blocks, unpowered buildings, or Contaminate may cause inaccurate times.
  • Supply counts are checked every 10 seconds.